 Dungeon Crawl Stone Soup version 0.31-a0-182-gc5ef74bbde (webtiles) character file.

Game seed: 13739636304224121123

1100 qw the Chopper (level 8, -3/48 HPs)
             Began as a Gargoyle Fighter on June 21, 2023.
             Slain by an orc warrior
             ... wielding a +0 war axe
              (5 damage)
             ... on level 6 of the Dungeon.
             The game lasted 00:02:27 (5461 turns).

qw the Chopper (Gargoyle Fighter)                   Turns: 5461, Time: 00:02:28

Health: -3/48      AC: 17    Str: 20 (21) XL:     8   Next: 32%
Magic:  8/8        EV:  7    Int:  8 (10) God:
Gold:   203        SH:  9    Dex:  9      Spells: 7/7 levels left

rFire   . . .        Y - +2 war axe
rCold   . . .        n - +0 kite shield
rNeg    + . .        l - +0 chain mail
rPois   inf          i - +0 helmet
rElec   +            (no cloak)
rCorr   .            m - +0 pair of gloves
SInv    .            (no boots)
Will    .....        (no amulet) Stlth
                     (no ring)
HPRegen 0.28/turn    (no ring)
MPRegen 0.11/turn

%: no passive effects
@: very slow
A: sickness immunity, AC +5, negative energy resistance 1, electricity
resistance, torment resistance 1, petrification resistance
a: no special abilities


You were on level 6 of the Dungeon.
You visited 1 branch of the dungeon, and saw 6 of its levels.

You collected 203 gold pieces.


Innate Abilities, Weirdness & Mutations

You are immune to sickness and miasma.
Your stone body is resilient. (AC +5)
You are immune to poison.
You resist negative energy. (rN+)
You are resistant to electric shocks. (rElec)
You are resistant to unholy torment.
You are immune to petrification.


   Skills:
 + Level 4.2 Fighting
 - Level 7.0 Axes
 - Level 3.2 Armour
 - Level 1.7 Dodging
 - Level 6.2 Shields


You had 7 spell levels left.
You didn't know any spells.
Your spell library was empty.

Inventory:

Hand Weapons
 k - a +0 flail
 Y - a +2 war axe (weapon)
Armour
 i - a +0 helmet (worn)
 l - a +0 chain mail (worn)
 m - a +0 pair of gloves (worn)
 n - a +0 kite shield (worn)
Jewellery
 j - a ring of ice
Scrolls
 a - 3 scrolls of identify
Potions
 d - a potion of might
 e - a potion of mutation
 f - a potion of enlightenment
 g - 3 potions of attraction
 h - 2 potions of curing
 p - a potion of resistance

Dungeon Overview and Level Annotations

Branches:
Dungeon (6/15)
 Temple: D:4-7

Altars:
Ashenzari
Elyvilon
Fedhas
Ru
Sif Muna
Trog
Uskayaw
Wu Jian


Message History

The electric eel completely resists.
The bolt of electricity hits you but does no damage.
The orc warrior hits you but does no damage.
The iguana bites you but does no damage.
The electric eel shoots out a bolt of lightning at you!
The bolt of electricity hits you. You resist.
You barely miss the electric eel.
The electric eel is almost dead.
You slash the orc warrior! You barely miss the iguana.
The orc warrior hits you but does no damage.
The iguana bites you but does no damage.
The electric eel shoots out a bolt of lightning at you!
The bolt of electricity hits the electric eel.
The electric eel completely resists.
The bolt of electricity hits you. You resist.
The orc warrior splashes around in the water.
You hit the electric eel.
The electric eel is almost dead.
You hit the orc warrior but do no damage.
You hit the iguana but do no damage.
The iguana bites you but does no damage.
The electric eel shoots out a bolt of lightning at you!
The bolt of electricity hits the electric eel.
The electric eel completely resists.
The bolt of electricity hits you. You resist.
The electric eel shoots out a bolt of lightning at you!
The bolt of electricity hits you but does no damage.
You resist.
The orc warrior hits you but does no damage.
Your unstable footing causes you to fumble your attack.
You block the iguana's attack.
The electric eel shoots out a bolt of lightning at you!
The bolt of electricity hits you. You resist.
The orc warrior hits you but does no damage.
You hit the electric eel.
The electric eel is almost dead.
You hit the iguana. You closely miss the orc warrior.
The iguana barely misses you.
The orc warrior hits you with a +0 war axe.
You die...

~~~~~P~~P~P~~
~~~~~~~7~.~~ .
77~~[~..~.S.~
..#............
............~
...~~)~~~~~ #.#
#7~oS~~~~P~
#..# #.~@l~~7
#... #.#77777
... #.# 77
####. #.# #.
...#. ###.# .##
#... ##.).# ..#
###<.. #..###
#.#####.....
#.##
#.##....#.#.
#.#
#.##.####.#.


You could see an orc warrior, an iguana and 2 electric eels.

Vanquished Creatures
  Eustachio (D:5)
  A wyvern (D:6)
  A water moccasin (D:6)
  An ice beast (D:5)
  3 electric eels (D:6)
  A jelly (D:4)
  A hound (D:4)
  5 orc priests
  A sleepcap (D:5)
  2 iguanas
  An orc wizard (D:5)
  A gnoll (D:1)
  7 adders
  23 orcs
  4 ball pythons
  14 endoplasms
  A giant cockroach (D:2)
  6 goblins
  4 hobgoblins
  2 jackals (D:1)
  3 bats
  4 frilled lizards
  12 kobolds
  2 rats
101 creatures vanquished.

Vanquished Creatures (others)
  A wizard (D:4)
  2 orcs (D:6)
3 creatures vanquished.

Grand Total: 104 creatures vanquished

Notes
Turn   | Place    | Note
-------+----------+-------------------------------------------
     0 | D:1      | qw the Gargoyle Fighter began the quest for the Orb.
     0 | D:1      | Reached XP level 1. HP: 14/14 MP: 1/1
     0 | D:1      | 0 ||| qw: Version: 0.3-a-9-g12657ce
     0 | D:1      | 0 ||| qw: Game counter: 1556
     0 | D:1      | 0 ||| qw: Always use a shield: true
     0 | D:1      | 0 ||| qw: God list: Okawaru
     0 | D:1      | 0 ||| qw: Allow faded altars: false
     0 | D:1      | 0 ||| qw: Do Orc after D:15 true
     0 | D:1      | 0 ||| qw: Do second Lair branch before Depths: true
     0 | D:1      | 0 ||| qw: Lair rune preference: random
     0 | D:1      | 0 ||| qw: Plans: Normal, Zot:1-4, Slime:5, God:TSO, Crypt,
                  | Tomb, Abyss, Pan, Hells, Win
     0 | D:1      | 0 ||| PLANNING D:1-11
    36 | D:1      | Reached skill level 2 in Axes
   197 | D:1      | Reached XP level 2. HP: 19/19 MP: 2/2
   489 | D:1      | 489 ||| Stepping ~*~*~tactically~*~*~ (stealth).
   552 | D:1      | Reached skill level 3 in Axes
   619 | D:1      | 619 ||| READING scroll labelled DOAWIE FOICZE.
   690 | D:1      | Reached XP level 3. HP: 13/23 MP: 3/3
   910 | D:1      | 910 ||| READING scroll labelled OTOMUS KOPTIA.
   911 | D:1      | 911 ||| READING scroll labelled QUNUGU LUYGUTS.
  1324 | D:2      | Found a sacrificial altar of Ru.
  1378 | D:2      | Reached XP level 4. HP: 28/28 MP: 4/4
  1452 | D:2      | 1452 ||| DROPPING +0 whip.
  1619 | D:2      | Reached skill level 4 in Axes
  1930 | D:2      | 1930 ||| READING 5 scrolls of identify.
  1930 | D:2      | 1930 ||| IDENTIFYING emerald potion
  1931 | D:2      | 1931 ||| READING 4 scrolls of identify.
  1931 | D:2      | 1931 ||| IDENTIFYING lumpy white potion
  2059 | D:3      | HP: 6/28 [orc priest/nerve-wracking pain (7)]
  2061 | D:3      | Reached XP level 5. HP: 7/32 MP: 5/5
  2170 | D:3      | 2170 ||| DROPPING +0 mace.
  2269 | D:3      | Found a sacrificial altar of Ru.
  2553 | D:3      | 2553 ||| Stepping ~*~*~tactically~*~*~ (stealth).
  2592 | D:3      | 2592 ||| Stepping ~*~*~tactically~*~*~ (stealth).
  2622 | D:3      | Found a broken altar of Ashenzari.
  2736 | D:3      | Reached skill level 5 in Axes
  2888 | D:3      | 2888 ||| DROPPING orb of guile.
  2889 | D:3      | 2889 ||| UPGRADING to +0 helmet.
  2894 | D:3      | 2894 ||| UPGRADING to +0 chain mail.
  2904 | D:3      | 2904 ||| DROPPING +0 scale mail.
  2905 | D:3      | 2905 ||| READING scroll labelled LOIMNESOUG.
  2906 | D:3      | 2906 ||| READING 2 scrolls labelled IZUECK BIV RYC.
  2907 | D:3      | 2907 ||| READING 4 scrolls of identify.
  2907 | D:3      | 2907 ||| IDENTIFYING sedimented dark potion
  2908 | D:3      | 2908 ||| DROPPING scroll of blinking.
  3131 | D:4      | Found a hide-covered altar of Uskayaw.
  3332 | D:4      | Reached XP level 6. HP: 38/38 MP: 6/6
  3394 | D:4      | Found a bloodstained altar of Trog.
  3399 | D:4      | Noticed a wizard
  3404 | D:4      | Killed a wizard
  3496 | D:4      | Found a shimmering blue altar of Sif Muna.
  3829 | D:4      | 3829 ||| UPGRADING to +0 pair of gloves.
  3834 | D:4      | 3834 ||| READING scroll labelled IVEXKI SEEKIQ.
  3835 | D:4      | 3835 ||| READING 4 scrolls of identify.
  3835 | D:4      | 3835 ||| IDENTIFYING viscous coppery potion
  3900 | D:5      | Entered Level 5 of the Dungeon
  3903 | D:5      | 3903 ||| Stepping ~*~*~tactically~*~*~ (stealth).
  3937 | D:5      | Noticed Eustachio
  3954 | D:5      | 3954 ||| FLEEEEING.
  3955 | D:5      | 3955 ||| FLEEEEING.
  3956 | D:5      | 3956 ||| FLEEEEING.
  3965 | D:5      | 3965 ||| FLEEEEING.
  3966 | D:5      | 3966 ||| STAIRDANCE
  3984 | D:4      | 3984 ||| READING scroll labelled SAX WEJIACLEXA.
  4028 | D:5      | 4028 ||| STAIRDANCE
  4047 | D:5      | 4047 ||| STAIRDANCE
  4069 | D:5      | 4069 ||| STAIRDANCE
  4105 | D:5      | Killed Eustachio
  4106 | D:5      | Reached skill level 6 in Axes
  4106 | D:5      | Reached XP level 7. HP: 41/43 MP: 7/7
  4145 | D:5      | Reached skill level 1 in Dodging
  4195 | D:5      | 4195 ||| Stepping ~*~*~tactically~*~*~ (hiding).
  4323 | D:5      | Found a blossoming altar of Fedhas.
  4412 | D:5      | 4412 ||| Stepping ~*~*~tactically~*~*~ (stealth).
  4429 | D:5      | 4429 ||| READING scroll of enchant weapon.
  4429 | D:5      | 4429 ||| ENCHANTING +1 war axe.
  4511 | D:5      | Found an ornate altar of the Wu Jian Council.
  4637 | D:5      | 4637 ||| UPGRADING to +0 kite shield.
  4647 | D:5      | 4647 ||| DROPPING +0 buckler.
  4648 | D:5      | 4648 ||| READING scroll labelled XIBRYIT JOERUA.
  4649 | D:5      | 4649 ||| DRINKING 2 silvery potions.
  4650 | D:5      | 4650 ||| READING 4 scrolls of identify.
  4650 | D:5      | 4650 ||| IDENTIFYING cyan potion
  4651 | D:5      | 4651 ||| DROPPING potion of degeneration.
  4705 | D:6      | 4705 ||| Stepping ~*~*~tactically~*~*~ (stealth).
  4714 | D:6      | 4714 ||| Stepping ~*~*~tactically~*~*~ (stealth).
  4752 | D:6      | 4752 ||| Stepping ~*~*~tactically~*~*~ (water).
  4760 | D:6      | 4760 ||| FLEEEEING.
  4836 | D:6      | 4836 ||| Stepping ~*~*~tactically~*~*~ (stealth).
  4845 | D:6      | Reached XP level 8. HP: 44/48 MP: 8/8
  5097 | D:6      | Found a white marble altar of Elyvilon.
  5149 | D:6      | Noticed a wyvern
  5154 | D:6      | HP: 6/48 [wyvern (10)]
  5155 | D:6      | Killed a wyvern
  5156 | D:6      | Reached skill level 6 in Shields
  5328 | D:6      | 5328 ||| Stepping ~*~*~tactically~*~*~ (hiding).
  5451 | D:6      | Reached skill level 7 in Axes
  5454 | D:6      | HP: 10/48 [electric eel/bolt of electricity (4)]
  5459 | D:6      | HP: 3/48 [electric eel/bolt of electricity (2)]
  5460 | D:6      | HP: 1/48 [electric eel/bolt of electricity (2)]
  5461 | D:6      | Slain by an orc warrior

Levels and vault maps discovered:
D:1:      tarquinn_simple_flora_water_d, layout_basic, serial_co_window_serial,
          co_window_paths_a, co_window_of_opportunity_a, co_window_paths_b,
          co_window_corner_a, co_window_paths_a, co_window_paths_a,
          co_window_of_opportunity_a, co_window_cross_3,
          co_window_of_opportunity_b, co_window_unsneaky_path_a,
          co_window_broadway_c, co_window_of_opportunity_b,
          co_window_unsneaky_path_c, glass_columns_c, glass_columns_c,
          glass_columns_a, glass_columns_a, glass_columns_b, hex_tiny
D:2:      layout_loops_corners, basic_altar, kennysheep_minor_cross
D:3:      layout_basic, cheibrodos_ashenzari_chains,
          nicolae_ru_sacrificial_ziggurat, chequers_avenue
D:4:      layout_loops_ring, kennysheep_orc_sif_temple, lemuel_doored_altar,
          trog_wizard, minmay_stone_trees_small
D:5:      layout_rooms, nzn_wu_jian_council_hall, kennysheep_little_box,
          st_stairs_13, uniq_eustachio
D:6:      layout_rooms, elyvilon_altar_1, serial_bayou, serial_bayou_pond_d,
          serial_bayou_lagoon_b, serial_bayou_ford_a, serial_bayou_crossing

Skill      XL: |  1  2  3  4  5  6  7  8 |
---------------+-------------------------+-----
Axes           | 2 3 4 5 6 7 |  7.0
Fighting       | 4 |  4.2
Dodging        | 1 |  1.7
Shields        | 4 6 |  6.2
Armour         | |  3.2

Action                     |  1- 3 |  4- 6 |  7- 9 || total
---------------------------+-------+-------+-------++-------
  Melee: War axe           |   141 |   152 |   108 ||   401
    Use: Scroll            |     3 |     8 |     3 ||    14
         Potion            |       |       |     1 ||     1
 Armour: Scale mail        |    76 |    58 |       ||   134
         Chain mail        |       |    52 |    58 ||   110
  Dodge: Dodged            |    56 |    68 |    38 ||   162
  Block: Buckler           |    26 |    33 |    11 ||    70
         Kite shield       |       |       |    18 ||    18

Table legend:
 A = Non-vault XP
 B = Vault XP
 C = Vault XP percentage of total XP
 D = Non-vault monster count
 E = Vault monster count
 F = Vault count percentage of total count
                 A         B        C        D         E       F
            +---------+---------+-------+---------+---------+-------
      Total |    1349 |     223 |  14.2 |      98 |       3 |   3.0
            +---------+---------+-------+---------+---------+-------
        D:1 |      48 |       0 |   0.0 |      20 |       0 |   0.0
        D:2 |      60 |       0 |   0.0 |      22 |       0 |   0.0
        D:3 |     134 |       0 |   0.0 |      21 |       0 |   0.0
        D:4 |     145 |       3 |   2.0 |       7 |       1 |  12.5
        D:5 |     373 |     220 |  37.1 |      17 |       2 |  10.5
        D:6 |     589 |       0 |   0.0 |      11 |       0 |   0.0
            +---------+---------+-------+---------+---------+-------
